 Dungeon Crawl Stone Soup version 0.22.0 (webtiles) character file.

478 Goblin1989 the Covert (level 6, 0/30 HPs)
             Began as a Spriggan Assassin on Aug 10, 2018.
             Slain by an ice beast (6 damage)
             ... on level 5 of the Dungeon.
             The game lasted 00:17:14 (5484 turns).

Goblin1989 the Covert (Spriggan Assassin)           Turns: 5484, Time: 00:17:15

Health: 0/30       AC:  3    Str:  7    XL:     6   Next: 85%
Magic:  7/7        EV: 18    Int: 12    God:
Gold:   208        SH:  0    Dex: 20    Spells: 5/5 levels left

rFire    . . .     SeeInvis +   a - +2 dagger
rCold    . . .     Gourm    .   (shield restricted)
rNeg     . . .     Faith    .   c - +0 robe
rPois    .         Spirit   .   (helmet restricted)
rElec    .         Reflect  .   d - +0 cloak
rCorr    .         Harm     .   (gloves unavailable)
MR       +....                  (boots unavailable)
Stlth    ++++......             (no amulet)
HPRegen  0.10/turn              (no ring)
MPRegen  0.10/turn              (no ring)

@: very quick
A: very small, unfitting armour, see invisible, herbivore, speed 3, slow
metabolism 2
a: no special abilities


You were on level 5 of the Dungeon.
You were not hungry.

You visited 1 branch of the dungeon, and saw 5 of its levels.

You collected 208 gold pieces.

Inventory:

Hand Weapons
 a - a +2 dagger (weapon)
 w - a +0 blowgun {@w1}
 I - a +1 dagger of venom
 K - a +0 short sword of freezing
 N - a cursed -3 fustibalus
Missiles
 g - 33 poisoned needles
 D - 103 stones (quivered) {@Q3}
Armour
 c - a +0 robe (worn)
 d - a +0 cloak (worn)
Jewellery
 z - an uncursed ring of magical power {unknown}
 H - an uncursed ring of fire {unknown}
Scrolls
 B - 5 scrolls of blinking
 E - 3 scrolls of teleportation {unknown}
 F - a scroll of identify {unknown}
 J - 2 scrolls of remove curse {@r3}
 P - a scroll of amnesia {unknown}
Potions
 v - 2 potions of brilliance {unknown}
 x - 4 potions of heal wounds {unknown}
 A - a potion of flight {unknown}
 C - a potion of agility {unknown}
 G - a potion of ambrosia {unknown}
 L - a potion of magic {unknown}
 M - a potion of curing {@q1}
 O - 2 potions of berserk rage {unknown}
Comestibles
 e - 6 rations


   Skills:
 + Level 1.8 Fighting
 * Level 6.6 Short Blades
 - Level 2.0 Throwing
 + Level 2.3 Dodging
 + Level 8.6 Stealth


You had 5 spell levels left.
You didn't know any spells.
Your spell library was empty.

Dungeon Overview and Level Annotations

Branches:
Dungeon (5/15)
 Temple: D:4-7

Altars:
Dithmenos
Sif Muna

Shops:
D:4 ?:

Annotations:
D:3 1 runed door, xight's ghost, amateur MiFi
D:5 4 runed doors


Innate Abilities, Weirdness & Mutations

You are very small and have problems with some larger weapons.
You are too small for most types of armour.
You have supernaturally acute eyesight. (SInv)
You are a herbivore.
You cover ground extremely quickly.
You need to consume almost no food.


Message History

No target in view!
Key pressed, stopping explore.
P - a scroll labeled YVU VAELLU An ice beast comes into view.
An ice beast is nearby!
The ice beast hits you. The ice beast freezes you!
You take 13 damage, and have 17/30 hp.
MASSIVE DAMAGE!!
You are too injured to fight recklessly!
You are too injured to fight recklessly!
You are too injured to fight recklessly!
You are too injured to fight recklessly!
You are too injured to fight recklessly!
You are too injured to fight recklessly!
You are too injured to fight recklessly!
You are too injured to fight recklessly!
You are too injured to fight recklessly!
You are too injured to fight recklessly!
You are too injured to fight recklessly!
You are too injured to fight recklessly!
You are too injured to fight recklessly!
You are too injured to fight recklessly!
You are too injured to fight recklessly!
You are too injured to fight recklessly!
You are too injured to fight recklessly!
You are too injured to fight recklessly!
There is an open door here.
Wield which item (- for none, * to show all)? (? for menu, Esc to quit)
Your +1 dagger of venom stops dripping with poison.
w - a +0 blowgun (weapon)
{@w1} Quiver which item? (- for none, * to show all) (? for menu, Esc to quit)
Quivering
f - 2 curare-tipped needles for blowguns.
You start resting.
The ice beast is too close now for your liking.
You regained 7 hp, and now have 24/30 hp.
Firing (i - inventory. (/) - cycle)
f - 2 curare-tipped needles (quivered)
Press: ? - help, Shift-Dir - straight line, f - ice beast
Aim: an ice beast (hasn't noticed you)
You shoot a curare-tipped needle.
The curare-tipped needle hits the ice beast.
Firing (i - inventory. (/) - cycle)
f - a curare-tipped needle (quivered)
Press: ? - help, Shift-Dir - straight line, f/p - ice beast
Aim: an ice beast You shoot a curare-tipped needle.
The curare-tipped needle hits the ice beast.
Firing (i - inventory. (/) - cycle)
g - 35 poisoned needles (quivered)
Press: ? - help, Shift-Dir - straight line, f/p - ice beast
Aim: an ice beast You shoot a poisoned needle.
The poisoned needle hits the ice beast.
Firing (i - inventory. (/) - cycle)
g - 34 poisoned needles (quivered)
Press: ? - help, Shift-Dir - straight line, f/p - ice beast
Aim: an ice beast You shoot a poisoned needle.
The poisoned needle hits the ice beast.
Wield which item (- for none, * to show all)? (? for menu, Esc to quit)
a - a +2 dagger (weapon)
You closely miss the ice beast. The ice beast misses you.
You hit the ice beast.
The ice beast is lightly wounded.
You hit the ice beast.
The ice beast is lightly wounded.
The ice beast closely misses you.
You hit the ice beast.
The ice beast is moderately wounded.
The ice beast closely misses you.
You hit the ice beast but do no damage.
The ice beast is moderately wounded.
You barely miss the ice beast.
The ice beast is moderately wounded.
The ice beast hits you. The ice beast freezes you!
* * * LOW HITPOINT WARNING * * *
You hit the ice beast.
The ice beast is moderately wounded.
The ice beast closely misses you.
You take 17 damage, and have 8/30 hp.
MASSIVE DAMAGE!!
You barely miss the ice beast.
The ice beast is moderately wounded.
You barely miss the ice beast.
The ice beast is moderately wounded.
The ice beast completely misses you.
You hit the ice beast.
The ice beast is moderately wounded.
The ice beast hits you but does no damage.
You hit the ice beast.
The ice beast is moderately wounded.
You hit the ice beast but do no damage.
The ice beast is moderately wounded.
The ice beast closely misses you.
You hit the ice beast.
The ice beast is moderately wounded.
The ice beast closely misses you.
You hit the ice beast but do no damage.
The ice beast is moderately wounded.
You hit the ice beast but do no damage.
The ice beast is moderately wounded.
The ice beast hits you but does no damage.
You hit the ice beast.
The ice beast is heavily wounded.
The ice beast hits you.
* * * LOW HITPOINT WARNING * * *
The ice beast freezes you.
You die...

██........██...█
█....)....███(█
█..███......(.█
██.███.....(.██ .█
█..██....(..█ █.█
██.██.......▲ ▲.█
█.████..█..▲ ▲.█
██..███.....█ █.█
█....@Y.....██ ██.█
█.█.███.██...██████..█
█.█<.......█.........█
█.██.█...█████.█████.█
..██.█...█ █.█ █..█
███......█ █.█ █.██
█.█.█.(█ █.████.█
█.█.█..█████......██
█.█)█..............█


You could see an ice beast.

Vanquished Creatures
  3 scorpions
  An orc priest (D:3)
  Jessica (D:3)
  Natasha (thrice) (D:3)
  A worker ant (D:5)
  A howler monkey zombie (D:5)
  5 adders
  2 oozes
  3 adder skeletons (D:4)
  A worm (D:4)
  2 dart slugs (D:2)
  3 leopard geckos
  8 orcs
  7 bats
  8 giant cockroaches
  8 goblins
  9 hobgoblins
  8 jackals
  A quokka (D:2)
  A ball python (D:3)
  3 frilled lizards
  8 kobolds
  10 rats
97 creatures vanquished.

Notes
Turn   | Place    | Note
-------+----------+-------------------------------------------
     0 | D:1      | Goblin1989 the Spriggan Assassin began the quest for the Orb.
     0 | D:1      | Reached XP level 1. HP: 10/10 MP: 2/2
   278 | D:1      | Reached skill level 6 in Stealth
   306 | D:1      | Reached XP level 2. HP: 4/14 MP: 3/3
  1184 | D:2      | Reached XP level 3. HP: 18/18 MP: 4/4
  1739 | D:2      | Reached XP level 4. HP: 14/22 MP: 5/5
  1871 | D:2      | Found a deep blue altar of Sif Muna.
  2496 | D:2      | Reached skill level 7 in Stealth
  2688 | D:3      | Found a runed door.
  2688 | D:3      | Noticed xight's ghost (amateur MiFi)
  2983 | D:3      | Noticed Natasha
  3271 | D:3      | Killed Natasha
  3271 | D:3      | Reached XP level 5. HP: 25/25 MP: 6/6
  3309 | D:3      | Noticed Natasha
  3319 | D:3      | Killed Natasha
  3319 | D:3      | Reached skill level 5 in Short Blades
  3357 | D:3      | Found a shadowy altar of Dithmenos.
  3601 | D:3      | Noticed Natasha
  3624 | D:3      | Killed Natasha
  3943 | D:3      | Noticed Jessica
  3950 | D:3      | Killed Jessica
  4083 | D:4      | Reached skill level 8 in Stealth
  4083 | D:4      | Reached XP level 6. HP: 19/30 MP: 7/7
  4483 | D:4      | Found Vytror's Book Boutique.
  4659 | D:4      | Found Biab's Magic Scroll Emporium.
  4974 | D:5      | Entered Level 5 of the Dungeon
  5024 | D:5      | Found a large runed door.
  5025 | D:5      | Found a large runed door.
  5348 | D:5      | Found a large runed door.
  5348 | D:5      | Found a large runed door.
  5380 | D:5      | Noticed an ice beast
  5484 | D:5      | Slain by an ice beast

Skill      XL: |  1  2  3  4  5  6 |
---------------+-------------------+-----
Stealth        | 6 7 8 |  8.6
Short Blades   | 3 4 6 |  6.6
Dodging        | 2 |  2.3
Fighting       | |  1.8
Throwing       | |  2.0

Action                   |  1- 3 |  4- 6 || total
-------------------------+-------+-------++-------
Melee: Dagger            |   133 |   235 ||   368
 Fire: Blowgun           |     2 |    40 ||    42
  Use: Scroll            |     2 |       ||     2
 Stab: Sleeping          |     7 |    12 ||    19
       Distracted        |     1 |     1 ||     2
  Eat: Ration            |       |     3 ||     3
Armor: Robe              |    23 |    26 ||    49
Dodge: Dodged            |    73 |   165 ||   238

Vault maps used:
D:1:      dpeg_arrival_three_bigger_balls, minmay_pentomino_t4
D:2:      old_standard_altar
D:3:      hellmonk_ghost_happy_afterlife, minmay_misc_feat_encased,
          nicolae_dithmenos_through_a_glass_darkly, uniq_jessica, uniq_natasha
D:4:      serial_shops, nicolae_shop_temple_entry_statues_fountains,
          nicolae_shop_behind_doors, first_ration
D:5:      minmay_temple_entry_statues_pillars, minmay_misc_feat_diagonals,
          minmay_hollow_rounded_squares
